WCHLSIM.com - West Coast Hockey League
html PUBLIC "-//W3C//DTD XHTML 1.0 Transitional//EN" "http://www.w3.org/TR/xhtml1/DTD/xhtml1-transitional.dtd"> WCHL - Game 712 - TEXAS TOROS vs LONG BEACH BARACUDAS

TEXAS TOROS vs LONG BEACH BARACUDAS

Created - 21 janvier 2024 at 21:51

Goals
1 2 3 T
TEXAS TOROS 3 0 0 3
LONG BEACH BARACUDAS 1 3 1 5
Shots
1 2 3 T
TEXAS TOROS 15 7 8 30
LONG BEACH BARACUDAS 5 18 10 33

1st period

1. TEXAS TOROS , Taylor Raddysh 9 (Tyson Barrie 20, Kevin Hayes 14) at 2:01
2. LONG BEACH BARACUDAS , Andreas Athanasiou 6 (Jaden Schwartz 21, Ryan O'Reilly 18) at 8:52
3. TEXAS TOROS , Troy Terry 19 (Jonathan Toews 12) at 11:39
4. TEXAS TOROS , Trevor Zegras 13 (Troy Terry 17, Mikhail Sergachev 17) at 14:03 (PP)

Penalties :
Kyle Connor (LOB) for Elbowing (Minor) at 5:33, Anton Stralman (LOB) for Goalie Interference (Minor) at 12:06

2nd period

5. LONG BEACH BARACUDAS , Jaden Schwartz 16 (Justin Braun 8) at 1:43 (SH)
6. LONG BEACH BARACUDAS , Andreas Athanasiou 7 (Jaden Schwartz 22, Ryan O'Reilly 19) at 11:52
7. LONG BEACH BARACUDAS , Jaden Schwartz 17 (Ryan O'Reilly 20) at 15:26

Penalties :
Anton Stralman (LOB) for Tripping (Minor) at 0:43

3rd period

8. LONG BEACH BARACUDAS , Kyle Connor 16 (Seth Jarvis 21, Teuvo Teravainen 22) at 13:16

Penalties :
Calen Addison (LOB) for Interference (Minor) at 4:46, Colin Blackwell (TEX) for Hooking (Minor) at 7:34, Mikhail Sergachev (TEX) for Hooking (Minor) at 14:00

Goalie Stats

Daniil Tarasov (TEX), 28 saves from 33 shots - (0,848), L, 10-6-3, 60:00 minutes
Ukko-Pekka Luukkonen (LOB), 27 saves from 30 shots - (0,900), W, 4-9-0, 60:00 minutes

Players Stats for TEXAS TOROS

Player Name              G  A  P  +/- PIM S  H  SB GA TA FO     MP     PP MP  PK MP  
------------------------------------------------------------------------------------
Colin Blackwell          0  0  0   1  2   0  1  1  0  0  0/1    15:55   0:00   0:00 
Dougie Hamilton          0  0  0   0  0   0  3  2  0  0  0/0    26:13   4:32   1:51 
Jesse Ylonen             0  0  0   0  0   0  0  0  0  0  0/0     7:01   0:00   0:00 
Jonathan Toews           0  1  1   1  0   2  1  0  0  0  16/23  20:24   4:28   0:00 
Kevin Hayes              0  1  1  -4  0   1  0  1  0  0  19/26  19:34   3:26   2:03 
Mikhail Sergachev        0  1  1   0  2   2  2  2  0  0  0/0    25:08   4:32   0:47 
Miles Wood               0  0  0  -4  0   0  4  0  0  0  1/1    17:31   3:26   0:00 
Nate Schmidt             0  0  0  -1  0   0  1  0  0  0  0/0    13:52   0:00   0:52 
Owen Power               0  0  0  -1  0   0  0  2  0  0  0/0    13:00   0:00   0:00 
Ryan Poehling            0  0  0   0  0   0  0  1  0  0  7/17    9:00   0:00   1:59 
Ryan Suter               0  0  0  -2  0   4  3  0  0  0  0/0    20:47   3:22   2:07 
Taylor Raddysh           1  0  1  -4  0   6  1  0  0  0  0/2    17:31   3:26   0:00 
Trevor Zegras            1  0  1   0  0   9  3  0  0  0  11/20  17:29   4:28   1:55 
Troy Terry               1  1  2   1  0   3  0  0  0  0  1/3    22:19   4:28   1:55 
Tyson Barrie             0  1  1  -2  0   2  0  0  0  0  0/0    20:59   3:22   2:19 
Tyson Foerster           0  0  0   0  0   0  1  0  0  0  0/0     7:01   0:00   0:00 
Wade Allison             0  0  0   0  0   1  3  0  0  0  0/0    11:10   0:00   0:04 
Yegor Chinakhov          0  0  0   0  0   0  0  0  0  0  0/1    11:06   0:00   0:00 

Players Stats for LONG BEACH BARACUDAS

Player Name              G  A  P  +/- PIM S  H  SB GA TA FO     MP     PP MP  PK MP  
------------------------------------------------------------------------------------
Andreas Athanasiou       2  0  2   2  0   4  0  0  0  0  0/1    17:48   0:00   0:00 
Anton Stralman           0  0  0   0  4   0  0  0  0  0  0/0    19:35   1:37   1:32 
Boris Katchouk           0  0  0   0  0   0  0  0  0  0  0/0     0:00   0:00   0:00 
Calen Addison            0  0  0   0  2   0  0  1  0  0  0/0    17:34   0:07   2:33 
Derek Stepan             0  0  0   0  0   0  0  0  0  0  0/0     0:03   0:00   0:00 
Ethan Prow               0  0  0   0  0   0  0  0  0  0  0/0    20:55   1:44   2:43 
Jaden Schwartz           2  2  4   3  0   7  0  0  0  0  0/1    23:43   2:43   3:12 
Justin Braun             0  1  1   3  0   0  1  1  0  0  0/0    22:49   0:00   4:30 
Kevin Gravel             0  0  0   0  0   0  1  0  0  0  0/0    15:35   2:14   0:00 
Kyle Connor              1  0  1   0  2   2  1  0  0  0  5/13   26:37   1:15   3:28 
Mark Stone               0  0  0  -1  0   4  2  1  0  0  0/2    13:35   2:43   0:00 
Matt Irwin               0  0  0   3  0   0  0  2  0  0  0/0    23:29   2:14   4:30 
Nicholas Robertson       0  0  0   0  0   0  3  0  0  0  0/0     8:22   0:00   0:00 
Peyton Krebs             0  0  0   0  0   4  1  0  0  0  5/12    8:22   0:00   0:00 
Ryan O'Reilly            0  3  3   3  0   6  0  0  0  0  14/29  23:43   2:43   3:12 
Seth Jarvis              0  1  1   1  0   1  1  1  0  0  4/13   12:20   0:00   1:14 
Teuvo Teravainen         0  1  1   1  0   0  0  0  0  0  0/3    12:21   1:15   0:00 
William Karlsson         0  0  0  -1  0   5  1  1  0  0  11/20  25:11   1:15   4:42 

3 Stars

1 - Jaden Schwartz (LOB)
2 - Andreas Athanasiou (LOB)
3 - Ryan O'Reilly (LOB)

Power Play

TEXAS TOROS - 1 on 4 Attempt(s) - 25,00%
LONG BEACH BARACUDAS - 0 on 2 Attempt(s) - 0,00%

Penalty Kill

TEXAS TOROS - 2 on 2 Attempt(s) - 100,00% - Score 0 goal in Penalty Kill
LONG BEACH BARACUDAS - 3 on 4 Attempt(s) - 75,00% - Score 1 goal in Penalty Kill

Team Stat

TEXAS TOROS - Hits : 23 - Faceoff Wins : 55 - Blocked Shots : 9 - Penalty Minutes : 4
LONG BEACH BARACUDAS - Hits : 11 - Faceoff Wins : 39 - Blocked Shots : 7 - Penalty Minutes : 8

Official

Referees : Stephen Hiff and Dean Morton
Linesman : Kyle Larson and Brian Murphy

Game Notes

No Game Note

Finance

Level 1 -- Attendance: 5634 (79,35%) -- Ticket Income 1 098 630 $
Level 2 -- Attendance: 5925 (100,00%) -- Ticket Income 687 300 $
Level 3 -- Attendance: 3035 (74,94%) -- Ticket Income 257 975 $
Level 4 -- Attendance: 5476 (83,29%) -- Ticket Income 301 180 $
Luxury Box -- Attendance: 1059 (78,44%) -- Ticket Income 344 175 $
Game was played at the MONSTER ENERGY CENTER.
Total Attendance: 21129 (84,52%)
Total Ticket Income: 2 689 260 $
Other Expense: 26 893 $
Total Income: 2 662 367 $

TEXAS TOROS

5 vs 5 Forward 
   Center                   Left Wing                Right Wing               Time % Phy DF OF 
 1 Jonathan Toews           Colin Blackwell          Troy Terry               36     1   2  2  
 2 Kevin Hayes              Miles Wood               Taylor Raddysh           31     1   2  2  
 3 Trevor Zegras            Yegor Chinakhov          Wade Allison             23     1   2  2  
 4 Ryan Poehling            Jesse Ylonen             Tyson Foerster           10     1   2  2  

5 vs 5 Defense 
   Defense                  Defense                                           Time % Phy DF OF 
 1 Mikhail Sergachev        Dougie Hamilton                                   36     1   2  2  
 2 Tyson Barrie             Ryan Suter                                        31     1   2  2  
 3 Owen Power               Nate Schmidt                                      23     1   2  2  
 4 Mikhail Sergachev        Dougie Hamilton                                   10     1   2  2  

PowerPlay Forward 
   Center                   Left Wing                Right Wing               Time % Phy DF OF 
 1 Trevor Zegras            Jonathan Toews           Troy Terry               55     1   2  2  
 2 Kevin Hayes              Miles Wood               Taylor Raddysh           45     1   2  2  

PowerPlay Defense
   Defense                  Defense                                           Time % Phy DF OF 
 1 Mikhail Sergachev        Dougie Hamilton                                   55     1   2  2  
 2 Tyson Barrie             Ryan Suter                                        45     1   2  2  

Penalty Kill 4 Players Forward 
   Center                   Wing                     Time % Phy DF OF 
 1 Ryan Poehling            Kevin Hayes              55     1   2  2  
 2 Troy Terry               Trevor Zegras            45     1   2  2  

Penalty Kill 4 Players Defense
   Defense                  Defense                  Time % Phy DF OF 
 1 Mikhail Sergachev        Dougie Hamilton          55     1   2  2  
 2 Tyson Barrie             Ryan Suter               45     1   2  2  

Penalty Kill - 3 Players Forward 
   Forward                                           Time % Phy DF OF 
 1 Troy Terry                                        55     1   2  2  
 2 Kevin Hayes                                       45     1   2  2  

Penalty Kill - 3 Players Defense
   Defense                  Defense                  Time % Phy DF OF 
 1 Mikhail Sergachev        Dougie Hamilton          55     1   2  2  
 2 Tyson Barrie             Ryan Suter               45     1   2  2  

4 vs 4 Forward 
   Center                   Wing                     Time % Phy DF OF 
 1 Jonathan Toews           Kevin Hayes              55     1   2  2  
 2 Troy Terry               Trevor Zegras            45     1   2  2  

4 vs 4 Defense
   Defense                  Defense                  Time % Phy DF OF 
 1 Mikhail Sergachev        Dougie Hamilton          55     1   2  2  
 2 Tyson Barrie             Ryan Suter               45     1   2  2  

Last Minutes Offensive
   Center                   Left Wing                Right Wing               Defense                  Defense                  
   Jonathan Toews           Colin Blackwell          Troy Terry               Mikhail Sergachev        Dougie Hamilton          

Last Minutes Defensive
   Center                   Left Wing                Right Wing               Defense                  Defense                  
   Jonathan Toews           Colin Blackwell          Troy Terry               Mikhail Sergachev        Dougie Hamilton          

Goaltenders
Starting : Daniil Tarasov           
Backup : Philipp Grubauer         

Extra Forwards
Normal : Jesse Ylonen, Ryan Poehling, Wade Allison - PP : Jesse Ylonen, Ryan Poehling - PK : Wade Allison
Extra Defensemen
Normal : Owen Power, Nate Schmidt, Tyson Barrie - PP : Owen Power - PK : Nate Schmidt, Tyson Barrie
Penalty Shots
Ryan Poehling, Kevin Hayes, Troy Terry, Trevor Zegras, Taylor Raddysh
Custom OT Lines Forwards
Jesse Ylonen, Kevin Hayes, Troy Terry, Trevor Zegras, Taylor Raddysh, Ryan Poehling, Wade Allison, Jonathan Toews, Tyson Foerster, Miles Wood
Custom OT Lines Defensemen
Mikhail Sergachev, Dougie Hamilton, Tyson Barrie, Ryan Suter, Owen Power

Scratches
Logan Cooley (Healthy), Bobby Brink (Healthy), Danton Heinen (Healthy), Adin Hill (Right Ankle Injury)

LONG BEACH BARACUDAS

5 vs 5 Forward 
   Center                   Left Wing                Right Wing               Time % Phy DF OF 
 1 William Karlsson         Kyle Connor              Mark Stone               36     0   1  4  
 2 Ryan O'Reilly            Jaden Schwartz           Andreas Athanasiou       31     0   2  3  
 3 Seth Jarvis              Teuvo Teravainen         Kyle Connor              23     0   2  3  
 4 Peyton Krebs             Nicholas Robertson       William Karlsson         10     1   2  2  

5 vs 5 Defense 
   Defense                  Defense                                           Time % Phy DF OF 
 1 Justin Braun             Matt Irwin                                        36     0   2  3  
 2 Anton Stralman           Ethan Prow                                        31     0   3  2  
 3 Kevin Gravel             Calen Addison                                     23     0   3  2  
 4 Justin Braun             Matt Irwin                                        10     0   3  2  

PowerPlay Forward 
   Center                   Left Wing                Right Wing               Time % Phy DF OF 
 1 William Karlsson         Kyle Connor              Teuvo Teravainen         55     1   2  2  
 2 Ryan O'Reilly            Jaden Schwartz           Mark Stone               45     1   2  2  

PowerPlay Defense
   Defense                  Defense                                           Time % Phy DF OF 
 1 Kevin Gravel             Matt Irwin                                        55     1   2  2  
 2 Anton Stralman           Ethan Prow                                        45     1   2  2  

Penalty Kill 4 Players Forward 
   Center                   Wing                     Time % Phy DF OF 
 1 Kyle Connor              William Karlsson         55     1   2  2  
 2 Ryan O'Reilly            Jaden Schwartz           45     1   2  2  

Penalty Kill 4 Players Defense
   Defense                  Defense                  Time % Phy DF OF 
 1 Justin Braun             Matt Irwin               55     1   2  2  
 2 Anton Stralman           Calen Addison            45     1   2  2  

Penalty Kill - 3 Players Forward 
   Forward                                           Time % Phy DF OF 
 1 Kyle Connor                                       55     1   2  2  
 2 William Karlsson                                  45     1   2  2  

Penalty Kill - 3 Players Defense
   Defense                  Defense                  Time % Phy DF OF 
 1 Justin Braun             Matt Irwin               55     1   2  2  
 2 Calen Addison            Ethan Prow               45     1   2  2  

4 vs 4 Forward 
   Center                   Wing                     Time % Phy DF OF 
 1 Kyle Connor              William Karlsson         55     1   2  2  
 2 Ryan O'Reilly            Jaden Schwartz           45     1   2  2  

4 vs 4 Defense
   Defense                  Defense                  Time % Phy DF OF 
 1 Justin Braun             Matt Irwin               55     1   2  2  
 2 Anton Stralman           Ethan Prow               45     1   2  2  

Last Minutes Offensive
   Center                   Left Wing                Right Wing               Defense                  Defense                  
   William Karlsson         Kyle Connor              Mark Stone               Justin Braun             Matt Irwin               

Last Minutes Defensive
   Center                   Left Wing                Right Wing               Defense                  Defense                  
   William Karlsson         Kyle Connor              Mark Stone               Justin Braun             Matt Irwin               

Goaltenders
Starting : Ukko-Pekka Luukkonen     
Backup : Alex Lyon                

Extra Forwards
Normal : Derek Stepan, Boris Katchouk, Seth Jarvis - PP : Derek Stepan, Boris Katchouk - PK : Seth Jarvis
Extra Defensemen
Normal : Kevin Gravel, Calen Addison, Anton Stralman - PP : Kevin Gravel - PK : Calen Addison, Anton Stralman
Penalty Shots
Kyle Connor, William Karlsson, Ryan O'Reilly, Jaden Schwartz, Teuvo Teravainen
Custom OT Lines Forwards
Kyle Connor, William Karlsson, Ryan O'Reilly, Mark Stone, Teuvo Teravainen, Andreas Athanasiou, Seth Jarvis, Peyton Krebs, Jaden Schwartz, Derek Stepan
Custom OT Lines Defensemen
Justin Braun, Matt Irwin, Anton Stralman, Ethan Prow, Kevin Gravel

Scratches
Taylor Hall (Sore Right Knee Injury), Alexander Romanov (Left Leg Injury), Alex Pietrangelo (Lower Body Injury), Calvin De Haan (Abdomen/Ribs Injury), Scott Harrington (Sprained Left Knee Injury)
Pyotr Kochetkov (Torso Injury)

% Time on Ice - TEXAS TOROS

Lines # - Real PCT - Wanted PCT - Time Play
Normal Forward
1 - 33% - 36% - 15:56
2 - 29% - 31% - 14:05
3 - 23% - 23% - 11:06
4 - 15% - 10% - 7:01
Normal Defense
1 - 36% - 36% - 17:28
2 - 32% - 31% - 15:18
3 - 27% - 23% - 13:00
4 - 5% - 10% - 2:22
PP Forward
1 - 57% - 55% - 4:28
2 - 43% - 45% - 3:26
PP Defense
1 - 57% - 55% - 4:32
2 - 43% - 45% - 3:22
PK Forward
1 - 52% - 55% - 2:03
2 - 48% - 45% - 1:55
PK Defense
1 - 47% - 55% - 1:51
2 - 53% - 45% - 2:07
PK3 Forward
1 - 0% - 55%
2 - 0% - 45%
PK3 Defense
1 - 0% - 55%
2 - 0% - 45%
44 Forward
1 - 0% - 55%
2 - 0% - 45%
44 Defense
1 - 0% - 55%
2 - 0% - 45%
Last Minute Offensive  - 0:00
Last Minute Defensive  - 0:00
Total
Forward - 60:00
Defense - 60:00

% Time on Ice - LONG BEACH BARACUDAS

Lines # - Real PCT - Wanted PCT - Time Play
Normal Forward
1 - 23% - 36% - 10:52
2 - 37% - 31% - 17:48
3 - 23% - 23% - 11:06
4 - 17% - 10% - 8:22
Normal Defense
1 - 35% - 36% - 16:50
2 - 34% - 31% - 16:28
3 - 28% - 23% - 13:17
4 - 3% - 10% - 1:33
PP Forward
1 - 32% - 55% - 1:15
2 - 68% - 45% - 2:43
PP Defense
1 - 56% - 55% - 2:14
2 - 44% - 45% - 1:44
PK Forward
1 - 59% - 55% - 4:42
2 - 41% - 45% - 3:12
PK Defense
1 - 57% - 55% - 4:30
2 - 43% - 45% - 3:24
PK3 Forward
1 - 0% - 55%
2 - 0% - 45%
PK3 Defense
1 - 0% - 55%
2 - 0% - 45%
44 Forward
1 - 0% - 55%
2 - 0% - 45%
44 Defense
1 - 0% - 55%
2 - 0% - 45%
Last Minute Offensive  - 0:00
Last Minute Defensive  - 0:00
Total
Forward - 60:00
Defense - 60:00

Play-by-Play

1st period


0:01 of 1st period - Jonathan Toews wins face-off versus William Karlsson in neutral zone.
0:31 of 1st period - Icing by Mikhail Sergachev.
0:32 of 1st period - Jonathan Toews wins face-off versus Ryan O'Reilly in TEXAS TOROS zone.
0:51 of 1st period - Off-side.
0:52 of 1st period - Kevin Hayes wins face-off versus Seth Jarvis in neutral zone.
1:01 of 1st period - Shot by Tyson Barrie.
1:01 of 1st period - Stopped by Ukko-Pekka Luukkonen without a rebound.
1:02 of 1st period - Trevor Zegras wins face-off versus Peyton Krebs in LONG BEACH BARACUDAS zone.
1:29 of 1st period - Shot by Trevor Zegras.
1:29 of 1st period - Stopped by Ukko-Pekka Luukkonen without a rebound.
1:30 of 1st period - Seth Jarvis wins face-off versus Kevin Hayes in LONG BEACH BARACUDAS zone.
1:35 of 1st period - Ryan Suter is hit by Kyle Connor and loses puck.
1:44 of 1st period - Shot by Kevin Hayes.
1:44 of 1st period - Shot Misses the Net.
1:46 of 1st period - Shot by Taylor Raddysh.
1:46 of 1st period - Stopped by Ukko-Pekka Luukkonen without a rebound.
1:47 of 1st period - Ryan Poehling wins face-off versus Ryan O'Reilly in LONG BEACH BARACUDAS zone.
1:53 of 1st period - Icing by Ryan O'Reilly.
1:54 of 1st period - Kevin Hayes wins face-off versus Ryan O'Reilly in LONG BEACH BARACUDAS zone.
2:01 of 1st period - Shot by Taylor Raddysh.
2:01 of 1st period - Goal by Taylor Raddysh - TEXAS TOROS : 1 - LONG BEACH BARACUDAS : 0.
2:02 of 1st period - Ryan Poehling wins face-off versus William Karlsson in neutral zone.
2:15 of 1st period - Icing by Dougie Hamilton.
2:16 of 1st period - Ryan O'Reilly wins face-off versus Ryan Poehling in TEXAS TOROS zone.
2:29 of 1st period - Icing by Dougie Hamilton.
2:30 of 1st period - Ryan Poehling wins face-off versus William Karlsson in TEXAS TOROS zone.
2:41 of 1st period - Shot by Dougie Hamilton.
2:41 of 1st period - Shot Misses the Net.
3:42 of 1st period - Icing by Kevin Gravel.
3:43 of 1st period - Ryan O'Reilly wins face-off versus Kevin Hayes in LONG BEACH BARACUDAS zone.
4:42 of 1st period - Off-side.
4:43 of 1st period - Jonathan Toews wins face-off versus Teuvo Teravainen in neutral zone.
5:02 of 1st period - Shot by Troy Terry.
5:02 of 1st period - Stopped by Ukko-Pekka Luukkonen with a rebound.
5:15 of 1st period - Icing by Owen Power.
5:16 of 1st period - Peyton Krebs wins face-off versus Jonathan Toews in TEXAS TOROS zone.
5:27 of 1st period - Shot by William Karlsson.
5:27 of 1st period - Shot Blocked by Colin Blackwell.
5:29 of 1st period - Shot by William Karlsson.
5:29 of 1st period - Shot Misses the Net.
5:31 of 1st period - Shot by William Karlsson.
5:31 of 1st period - Stopped by Daniil Tarasov without a rebound.
5:32 of 1st period - Trevor Zegras wins face-off versus William Karlsson in TEXAS TOROS zone.
5:32 of 1st period - Trevor Zegras is hit by William Karlsson.
5:33 of 1st period - Minor Penalty to Kyle Connor for Elbowing.
5:34 of 1st period - Kevin Hayes wins face-off versus Seth Jarvis in LONG BEACH BARACUDAS zone.
5:35 of 1st period - Shot by Dougie Hamilton.
5:35 of 1st period - Deflect By Taylor Raddysh.
5:35 of 1st period - Shot Misses the Net.
5:37 of 1st period - Shot by Mikhail Sergachev.
5:37 of 1st period - Stopped by Ukko-Pekka Luukkonen without a rebound.
5:38 of 1st period - Trevor Zegras wins face-off versus Seth Jarvis in LONG BEACH BARACUDAS zone.
5:45 of 1st period - Shot by Trevor Zegras.
5:45 of 1st period - Shot Misses the Net.
5:47 of 1st period - Shot by Mikhail Sergachev.
5:47 of 1st period - Shot Blocked by Matt Irwin.
5:49 of 1st period - Shot by Trevor Zegras.
5:49 of 1st period - Stopped by Ukko-Pekka Luukkonen with a rebound.
5:51 of 1st period - Shot by Trevor Zegras.
5:51 of 1st period - Stopped by Ukko-Pekka Luukkonen without a rebound.
5:52 of 1st period - Seth Jarvis wins face-off versus Kevin Hayes in LONG BEACH BARACUDAS zone.
5:52 of 1st period - Seth Jarvis is hit by Miles Wood.
5:59 of 1st period - Icing by Ryan Suter.
6:00 of 1st period - Miles Wood wins face-off versus Seth Jarvis in TEXAS TOROS zone.
6:17 of 1st period - Shot by Taylor Raddysh.
6:17 of 1st period - Shot Misses the Net.
6:19 of 1st period - Shot by Ryan Suter.
6:19 of 1st period - Stopped by Ukko-Pekka Luukkonen with a rebound.
6:21 of 1st period - Shot by Ryan Suter.
6:21 of 1st period - Stopped by Ukko-Pekka Luukkonen without a rebound.
6:22 of 1st period - Trevor Zegras wins face-off versus Ryan O'Reilly in LONG BEACH BARACUDAS zone.
6:34 of 1st period - Icing by Mikhail Sergachev.
6:35 of 1st period - Trevor Zegras wins face-off versus Ryan O'Reilly in TEXAS TOROS zone.
6:52 of 1st period - Seth Jarvis is hit by Jonathan Toews and loses puck.
7:40 of 1st period - Shot by Mark Stone.
7:40 of 1st period - Shot Misses the Net.
8:18 of 1st period - Mark Stone is hit by Tyson Foerster and loses puck.
8:52 of 1st period - Shot by Jaden Schwartz.
8:52 of 1st period - Deflect By Andreas Athanasiou.
8:52 of 1st period - Goal by Andreas Athanasiou - TEXAS TOROS : 1 - LONG BEACH BARACUDAS : 1.
8:53 of 1st period - Trevor Zegras wins face-off versus Ryan O'Reilly in neutral zone.
9:00 of 1st period - Icing by Ryan O'Reilly.
9:01 of 1st period - Jonathan Toews wins face-off versus Ryan O'Reilly in LONG BEACH BARACUDAS zone.
9:37 of 1st period - Shot by Mikhail Sergachev.
9:37 of 1st period - Shot Blocked by Justin Braun.
11:13 of 1st period - Shot by Peyton Krebs.
11:13 of 1st period - Stopped by Daniil Tarasov without a rebound.
11:14 of 1st period - Ryan O'Reilly wins face-off versus Taylor Raddysh in TEXAS TOROS zone.
11:27 of 1st period - Shot by Ryan O'Reilly.
11:27 of 1st period - Stopped by Daniil Tarasov without a rebound.
11:28 of 1st period - William Karlsson wins face-off versus Jonathan Toews in TEXAS TOROS zone.
11:39 of 1st period - Shot by Troy Terry.
11:39 of 1st period - Goal by Troy Terry - TEXAS TOROS : 2 - LONG BEACH BARACUDAS : 1.
11:40 of 1st period - Kevin Hayes wins face-off versus Peyton Krebs in neutral zone.
11:42 of 1st period - Dougie Hamilton is hit by Nicholas Robertson and loses puck.
12:06 of 1st period - Minor Penalty to Anton Stralman for Goalie Interference.
12:07 of 1st period - Trevor Zegras wins face-off versus Kyle Connor in LONG BEACH BARACUDAS zone.
12:08 of 1st period - Shot by Mikhail Sergachev.
12:08 of 1st period - Shot Misses the Net.
12:22 of 1st period - Shot by Trevor Zegras.
12:22 of 1st period - Stopped by Ukko-Pekka Luukkonen without a rebound.
12:23 of 1st period - Kevin Hayes wins face-off versus Kyle Connor in LONG BEACH BARACUDAS zone.
12:44 of 1st period - Shot by Ryan Suter.
12:44 of 1st period - Shot Misses the Net.
12:46 of 1st period - Shot by Tyson Barrie.
12:46 of 1st period - Shot Misses the Net.
12:48 of 1st period - Shot by Ryan Suter.
12:48 of 1st period - Shot Blocked by William Karlsson.
12:50 of 1st period - Shot by Ryan Suter.
12:50 of 1st period - Shot Misses the Net.
13:20 of 1st period - Jaden Schwartz is hit by Trevor Zegras and loses puck.
14:03 of 1st period - Shot by Trevor Zegras.
14:03 of 1st period - Goal by Trevor Zegras - TEXAS TOROS : 3 - LONG BEACH BARACUDAS : 1.
14:04 of 1st period - Ryan Poehling wins face-off versus Seth Jarvis in neutral zone.
14:26 of 1st period - Icing by Nate Schmidt.
14:27 of 1st period - Peyton Krebs wins face-off versus Ryan Poehling in TEXAS TOROS zone.
14:37 of 1st period - Icing by Jesse Ylonen.
14:38 of 1st period - William Karlsson wins face-off versus Ryan Poehling in TEXAS TOROS zone.
14:38 of 1st period - Kyle Connor is hit by Nate Schmidt and loses puck.
14:50 of 1st period - Icing by Owen Power.
14:51 of 1st period - Ryan Poehling wins face-off versus Ryan O'Reilly in TEXAS TOROS zone.
15:08 of 1st period - Shot by Ryan O'Reilly.
15:08 of 1st period - Shot Blocked by Ryan Poehling.
15:28 of 1st period - Off-side.
15:29 of 1st period - Jonathan Toews wins face-off versus William Karlsson in neutral zone.
15:46 of 1st period - Shot by Kyle Connor.
15:46 of 1st period - Shot Misses the Net.
15:48 of 1st period - Shot by William Karlsson.
15:48 of 1st period - Shot Misses the Net.
15:54 of 1st period - Shot by Mark Stone.
15:54 of 1st period - Stopped by Daniil Tarasov with a rebound.
16:12 of 1st period - Shot by Troy Terry.
16:12 of 1st period - Shot Misses the Net.
16:38 of 1st period - Shot by Tyson Barrie.
16:38 of 1st period - Shot Misses the Net.
16:40 of 1st period - Shot by Kevin Hayes.
16:40 of 1st period - Stopped by Ukko-Pekka Luukkonen without a rebound.
16:41 of 1st period - Ryan O'Reilly wins face-off versus Trevor Zegras in LONG BEACH BARACUDAS zone.
17:45 of 1st period - Off-side.
17:46 of 1st period - William Karlsson wins face-off versus Ryan Poehling in neutral zone.
17:50 of 1st period - Off-side.
17:51 of 1st period - William Karlsson wins face-off versus Kevin Hayes in neutral zone.
18:12 of 1st period - Shot by Taylor Raddysh.
18:12 of 1st period - Stopped by Ukko-Pekka Luukkonen without a rebound.
18:13 of 1st period - Jonathan Toews wins face-off versus Teuvo Teravainen in LONG BEACH BARACUDAS zone.
18:42 of 1st period - Teuvo Teravainen is hit by Ryan Suter and loses puck.
18:46 of 1st period - Teuvo Teravainen is hit by Ryan Suter and loses puck.
19:14 of 1st period - William Karlsson is hit by Miles Wood and loses puck.
Goals for this period are 3 for TEXAS TOROS vs 1 for LONG BEACH BARACUDAS.
Shots for this period are 15 for TEXAS TOROS vs 5 for LONG BEACH BARACUDAS.

2nd period


0:01 of 2nd period - Jonathan Toews wins face-off versus Mark Stone in neutral zone.
0:11 of 2nd period - Icing by William Karlsson.
0:12 of 2nd period - William Karlsson wins face-off versus Trevor Zegras in LONG BEACH BARACUDAS zone.
0:12 of 2nd period - William Karlsson is hit by Wade Allison.
0:34 of 2nd period - Shot by Mark Stone.
0:34 of 2nd period - Stopped by Daniil Tarasov without a rebound.
0:35 of 2nd period - Jonathan Toews wins face-off versus Ryan O'Reilly in TEXAS TOROS zone.
0:43 of 2nd period - Minor Penalty to Anton Stralman for Tripping.
0:44 of 2nd period - Kyle Connor wins face-off versus Trevor Zegras in LONG BEACH BARACUDAS zone.
0:56 of 2nd period - Kyle Connor is hit by Trevor Zegras and loses puck.
1:41 of 2nd period - Shot by Jaden Schwartz.
1:41 of 2nd period - Stopped by Daniil Tarasov with a rebound.
1:43 of 2nd period - Shot by Jaden Schwartz.
1:43 of 2nd period - Goal by Jaden Schwartz - TEXAS TOROS : 3 - LONG BEACH BARACUDAS : 2.
1:44 of 2nd period - Kyle Connor wins face-off versus Taylor Raddysh in neutral zone.
1:57 of 2nd period - Shot by Ryan Suter.
1:57 of 2nd period - Stopped by Ukko-Pekka Luukkonen without a rebound.
1:58 of 2nd period - Kevin Hayes wins face-off versus Kyle Connor in LONG BEACH BARACUDAS zone.
2:07 of 2nd period - Shot by Taylor Raddysh.
2:07 of 2nd period - Stopped by Ukko-Pekka Luukkonen without a rebound.
2:08 of 2nd period - Kyle Connor wins face-off versus Troy Terry in LONG BEACH BARACUDAS zone.
2:08 of 2nd period - Kyle Connor is hit by Trevor Zegras.
2:29 of 2nd period - Shot by Trevor Zegras.
2:29 of 2nd period - Stopped by Ukko-Pekka Luukkonen without a rebound.
2:30 of 2nd period - Kevin Hayes wins face-off versus Kyle Connor in LONG BEACH BARACUDAS zone.
2:54 of 2nd period - Shot by Ryan O'Reilly.
2:54 of 2nd period - Shot Blocked by Owen Power.
2:58 of 2nd period - Shot by Andreas Athanasiou.
2:58 of 2nd period - Shot Blocked by Owen Power.
3:00 of 2nd period - Shot by Andreas Athanasiou.
3:00 of 2nd period - Stopped by Daniil Tarasov without a rebound.
3:01 of 2nd period - William Karlsson wins face-off versus Jonathan Toews in TEXAS TOROS zone.
3:30 of 2nd period - Shot by Troy Terry.
3:30 of 2nd period - Shot Misses the Net.
3:46 of 2nd period - Shot by Troy Terry.
3:46 of 2nd period - Shot Misses the Net.
4:12 of 2nd period - Icing by Kyle Connor.
4:13 of 2nd period - William Karlsson wins face-off versus Yegor Chinakhov in LONG BEACH BARACUDAS zone.
4:47 of 2nd period - Shot by Ryan O'Reilly.
4:47 of 2nd period - Stopped by Daniil Tarasov without a rebound.
4:48 of 2nd period - Kevin Hayes wins face-off versus Teuvo Teravainen in TEXAS TOROS zone.
4:57 of 2nd period - Shot by Kevin Hayes.
4:57 of 2nd period - Shot Misses the Net.
5:55 of 2nd period - Ryan O'Reilly is hit by Dougie Hamilton and loses puck.
5:59 of 2nd period - Icing by Dougie Hamilton.
6:00 of 2nd period - Jonathan Toews wins face-off versus Peyton Krebs in TEXAS TOROS zone.
6:26 of 2nd period - Calen Addison is hit by Mikhail Sergachev and loses puck.
7:27 of 2nd period - Shot by Wade Allison.
7:27 of 2nd period - Stopped by Ukko-Pekka Luukkonen without a rebound.
7:28 of 2nd period - Kevin Hayes wins face-off versus Kyle Connor in LONG BEACH BARACUDAS zone.
8:09 of 2nd period - Shot by Taylor Raddysh.
8:09 of 2nd period - Shot Blocked by Seth Jarvis.
9:00 of 2nd period - Icing by Mikhail Sergachev.
9:01 of 2nd period - Ryan O'Reilly wins face-off versus Trevor Zegras in TEXAS TOROS zone.
9:22 of 2nd period - Shot by Trevor Zegras.
9:22 of 2nd period - Stopped by Ukko-Pekka Luukkonen without a rebound.
9:23 of 2nd period - Seth Jarvis wins face-off versus Jonathan Toews in LONG BEACH BARACUDAS zone.
9:30 of 2nd period - Nate Schmidt is hit by Seth Jarvis and loses puck.
9:55 of 2nd period - Shot by Teuvo Teravainen.
9:55 of 2nd period - Shot Misses the Net.
10:28 of 2nd period - Shot by Ryan O'Reilly.
10:28 of 2nd period - Stopped by Daniil Tarasov with a rebound.
10:30 of 2nd period - Shot by Ryan O'Reilly.
10:30 of 2nd period - Deflect By Jaden Schwartz.
10:30 of 2nd period - Stopped by Daniil Tarasov with a rebound.
10:32 of 2nd period - Shot by Ryan O'Reilly.
10:32 of 2nd period - Shot Blocked by Mikhail Sergachev.
10:36 of 2nd period - Shot by Ryan O'Reilly.
10:36 of 2nd period - Deflect By Andreas Athanasiou.
10:36 of 2nd period - Shot Blocked by Mikhail Sergachev.
10:38 of 2nd period - Shot by Ryan O'Reilly.
10:38 of 2nd period - Stopped by Daniil Tarasov without a rebound.
10:39 of 2nd period - Peyton Krebs wins face-off versus Ryan Poehling in TEXAS TOROS zone.
10:46 of 2nd period - Shot by Peyton Krebs.
10:46 of 2nd period - Stopped by Daniil Tarasov without a rebound.
10:47 of 2nd period - Trevor Zegras wins face-off versus Peyton Krebs in TEXAS TOROS zone.
10:47 of 2nd period - Trevor Zegras is hit by Nicholas Robertson.
10:50 of 2nd period - Icing by Mikhail Sergachev.
10:51 of 2nd period - Trevor Zegras wins face-off versus William Karlsson in TEXAS TOROS zone.
10:51 of 2nd period - Trevor Zegras is hit by Mark Stone.
11:17 of 2nd period - Shot by Trevor Zegras.
11:17 of 2nd period - Stopped by Ukko-Pekka Luukkonen without a rebound.
11:18 of 2nd period - Ryan O'Reilly wins face-off versus Kevin Hayes in LONG BEACH BARACUDAS zone.
11:18 of 2nd period - Ryan O'Reilly is hit by Taylor Raddysh.
11:24 of 2nd period - Shot by Andreas Athanasiou.
11:24 of 2nd period - Deflect By Ryan O'Reilly.
11:24 of 2nd period - Shot Misses the Net.
11:32 of 2nd period - Shot by Jaden Schwartz.
11:32 of 2nd period - Stopped by Daniil Tarasov without a rebound.
11:33 of 2nd period - Jonathan Toews wins face-off versus William Karlsson in TEXAS TOROS zone.
11:44 of 2nd period - Shot by Mark Stone.
11:44 of 2nd period - Stopped by Daniil Tarasov without a rebound.
11:45 of 2nd period - Ryan O'Reilly wins face-off versus Kevin Hayes in TEXAS TOROS zone.
11:52 of 2nd period - Shot by Andreas Athanasiou.
11:52 of 2nd period - Goal by Andreas Athanasiou - TEXAS TOROS : 3 - LONG BEACH BARACUDAS : 3.
11:53 of 2nd period - William Karlsson wins face-off versus Jonathan Toews in neutral zone.
12:08 of 2nd period - Shot by William Karlsson.
12:08 of 2nd period - Stopped by Daniil Tarasov without a rebound.
12:09 of 2nd period - Kevin Hayes wins face-off versus Ryan O'Reilly in TEXAS TOROS zone.
12:23 of 2nd period - Shot by Taylor Raddysh.
12:23 of 2nd period - Shot Misses the Net.
12:43 of 2nd period - Andreas Athanasiou is hit by Miles Wood and loses puck.
13:12 of 2nd period - Icing by Mikhail Sergachev.
13:13 of 2nd period - Jonathan Toews wins face-off versus William Karlsson in TEXAS TOROS zone.
13:26 of 2nd period - Shot by Jonathan Toews.
13:26 of 2nd period - Shot Misses the Net.
13:38 of 2nd period - Shot by Mark Stone.
13:38 of 2nd period - Shot Misses the Net.
13:47 of 2nd period - Mark Stone is hit by Mikhail Sergachev and loses puck.
14:29 of 2nd period - Icing by Calen Addison.
14:30 of 2nd period - Kevin Hayes wins face-off versus Seth Jarvis in LONG BEACH BARACUDAS zone.
14:47 of 2nd period - Shot by Taylor Raddysh.
14:47 of 2nd period - Stopped by Ukko-Pekka Luukkonen without a rebound.
14:48 of 2nd period - Ryan O'Reilly wins face-off versus Trevor Zegras in LONG BEACH BARACUDAS zone.
14:48 of 2nd period - Ryan O'Reilly is hit by Wade Allison.
14:54 of 2nd period - Shot by Andreas Athanasiou.
14:54 of 2nd period - Deflect By Jaden Schwartz.
14:54 of 2nd period - Stopped by Daniil Tarasov without a rebound.
14:55 of 2nd period - Kevin Hayes wins face-off versus Ryan O'Reilly in TEXAS TOROS zone.
15:14 of 2nd period - Shot by Andreas Athanasiou.
15:14 of 2nd period - Shot Blocked by Kevin Hayes.
15:26 of 2nd period - Shot by Jaden Schwartz.
15:26 of 2nd period - Goal by Jaden Schwartz - TEXAS TOROS : 3 - LONG BEACH BARACUDAS : 4.
15:27 of 2nd period - Jonathan Toews wins face-off versus Peyton Krebs in neutral zone.
15:48 of 2nd period - Shot by Peyton Krebs.
15:48 of 2nd period - Stopped by Daniil Tarasov with a rebound.
15:56 of 2nd period - Shot by William Karlsson.
15:56 of 2nd period - Stopped by Daniil Tarasov without a rebound.
15:57 of 2nd period - Ryan O'Reilly wins face-off versus Trevor Zegras in TEXAS TOROS zone.
16:00 of 2nd period - Shot by Jaden Schwartz.
16:00 of 2nd period - Shot Misses the Net.
16:12 of 2nd period - Shot by Wade Allison.
16:12 of 2nd period - Shot Misses the Net.
17:03 of 2nd period - Shot by William Karlsson.
17:03 of 2nd period - Stopped by Daniil Tarasov with a rebound.
17:28 of 2nd period - Off-side.
17:29 of 2nd period - Kyle Connor wins face-off versus Colin Blackwell in neutral zone.
18:30 of 2nd period - Shot by Jesse Ylonen.
18:30 of 2nd period - Shot Misses the Net.
19:17 of 2nd period - Icing by Jaden Schwartz.
19:18 of 2nd period - Ryan O'Reilly wins face-off versus Trevor Zegras in LONG BEACH BARACUDAS zone.
19:18 of 2nd period - Ryan O'Reilly is hit by Wade Allison.
19:32 of 2nd period - Jaden Schwartz is hit by Dougie Hamilton and loses puck.
Goals for this period are 0 for TEXAS TOROS vs 3 for LONG BEACH BARACUDAS.
Shots for this period are 7 for TEXAS TOROS vs 18 for LONG BEACH BARACUDAS.

3rd period


0:01 of 3rd period - William Karlsson wins face-off versus Jonathan Toews in neutral zone.
0:22 of 3rd period - Shot by Kyle Connor.
0:22 of 3rd period - Shot Misses the Net.
0:34 of 3rd period - Shot by Jonathan Toews.
0:34 of 3rd period - Shot Blocked by Mark Stone.
0:36 of 3rd period - Shot by Troy Terry.
0:36 of 3rd period - Stopped by Ukko-Pekka Luukkonen without a rebound.
0:37 of 3rd period - Kevin Hayes wins face-off versus Ryan O'Reilly in LONG BEACH BARACUDAS zone.
0:40 of 3rd period - Shot by Kevin Hayes.
0:40 of 3rd period - Shot Misses the Net.
0:54 of 3rd period - Shot by Ryan O'Reilly.
0:54 of 3rd period - Shot Hit the Post.
0:56 of 3rd period - Shot by Andreas Athanasiou.
0:56 of 3rd period - Shot Misses the Net.
0:58 of 3rd period - Shot by Andreas Athanasiou.
0:58 of 3rd period - Stopped by Daniil Tarasov without a rebound.
0:59 of 3rd period - Trevor Zegras wins face-off versus Seth Jarvis in TEXAS TOROS zone.
1:04 of 3rd period - Shot by Owen Power.
1:04 of 3rd period - Shot Blocked by Calen Addison.
1:29 of 3rd period - Shot by Trevor Zegras.
1:29 of 3rd period - Stopped by Ukko-Pekka Luukkonen without a rebound.
1:30 of 3rd period - Ryan O'Reilly wins face-off versus Jonathan Toews in LONG BEACH BARACUDAS zone.
1:35 of 3rd period - Shot by Andreas Athanasiou.
1:35 of 3rd period - Shot Blocked by Dougie Hamilton.
1:41 of 3rd period - Shot by Ryan O'Reilly.
1:41 of 3rd period - Shot Blocked by Dougie Hamilton.
1:46 of 3rd period - Andreas Athanasiou is hit by Dougie Hamilton and loses puck.
3:07 of 3rd period - Icing by Tyson Barrie.
3:08 of 3rd period - Kevin Hayes wins face-off versus Jaden Schwartz in TEXAS TOROS zone.
3:12 of 3rd period - Off-side.
3:13 of 3rd period - Trevor Zegras wins face-off versus Ryan O'Reilly in neutral zone.
3:37 of 3rd period - Shot by Trevor Zegras.
3:37 of 3rd period - Shot Misses the Net.
3:48 of 3rd period - Wade Allison is hit by Kevin Gravel and loses puck.
4:21 of 3rd period - Ryan O'Reilly is hit by Colin Blackwell.
4:46 of 3rd period - Minor Penalty to Calen Addison for Interference.
4:47 of 3rd period - Kevin Hayes wins face-off versus Kyle Connor in LONG BEACH BARACUDAS zone.
4:50 of 3rd period - Shot by Taylor Raddysh.
4:50 of 3rd period - Shot Misses the Net.
4:52 of 3rd period - Shot by Tyson Barrie.
4:52 of 3rd period - Shot Misses the Net.
4:54 of 3rd period - Shot by Taylor Raddysh.
4:54 of 3rd period - Shot Misses the Net.
4:56 of 3rd period - Shot by Ryan Suter.
4:56 of 3rd period - Stopped by Ukko-Pekka Luukkonen without a rebound.
4:57 of 3rd period - Kevin Hayes wins face-off versus Kyle Connor in LONG BEACH BARACUDAS zone.
4:58 of 3rd period - Shot by Taylor Raddysh.
4:58 of 3rd period - Shot Misses the Net.
5:29 of 3rd period - Icing by Kevin Hayes.
5:30 of 3rd period - Kevin Hayes wins face-off versus Kyle Connor in TEXAS TOROS zone.
6:14 of 3rd period - Off-side.
6:15 of 3rd period - Kyle Connor wins face-off versus Trevor Zegras in neutral zone.
6:35 of 3rd period - Shot by Mikhail Sergachev.
6:35 of 3rd period - Stopped by Ukko-Pekka Luukkonen with a rebound.
7:09 of 3rd period - Shot by Kyle Connor.
7:09 of 3rd period - Deflect By Seth Jarvis.
7:09 of 3rd period - Stopped by Daniil Tarasov without a rebound.
7:10 of 3rd period - Kevin Hayes wins face-off versus Peyton Krebs in TEXAS TOROS zone.
7:16 of 3rd period - Taylor Raddysh is hit by Justin Braun and loses puck.
7:27 of 3rd period - Shot by Taylor Raddysh.
7:27 of 3rd period - Stopped by Ukko-Pekka Luukkonen without a rebound.
7:28 of 3rd period - Jonathan Toews wins face-off versus Seth Jarvis in LONG BEACH BARACUDAS zone.
7:34 of 3rd period - Minor Penalty to Colin Blackwell for Hooking.
7:35 of 3rd period - Ryan O'Reilly wins face-off versus Ryan Poehling in TEXAS TOROS zone.
8:31 of 3rd period - Icing by Ryan O'Reilly.
8:32 of 3rd period - Troy Terry wins face-off versus Mark Stone in LONG BEACH BARACUDAS zone.
9:07 of 3rd period - Teuvo Teravainen is hit by Ryan Suter and loses puck.
9:38 of 3rd period - Owen Power is hit by Peyton Krebs and loses puck.
10:37 of 3rd period - Shot by Kyle Connor.
10:37 of 3rd period - Stopped by Daniil Tarasov without a rebound.
10:38 of 3rd period - Ryan O'Reilly wins face-off versus Ryan Poehling in TEXAS TOROS zone.
11:25 of 3rd period - Icing by Justin Braun.
11:26 of 3rd period - Jonathan Toews wins face-off versus Andreas Athanasiou in LONG BEACH BARACUDAS zone.
11:39 of 3rd period - Shot by Tyson Barrie.
11:39 of 3rd period - Stopped by Ukko-Pekka Luukkonen without a rebound.
11:40 of 3rd period - William Karlsson wins face-off versus Trevor Zegras in LONG BEACH BARACUDAS zone.
11:51 of 3rd period - Tyson Barrie is hit by Mark Stone and loses puck.
12:26 of 3rd period - Off-side.
12:27 of 3rd period - Jonathan Toews wins face-off versus Ryan O'Reilly in neutral zone.
12:51 of 3rd period - Shot by Andreas Athanasiou.
12:51 of 3rd period - Shot Misses the Net.
12:53 of 3rd period - Shot by Jaden Schwartz.
12:53 of 3rd period - Shot Misses the Net.
12:55 of 3rd period - Shot by Jaden Schwartz.
12:55 of 3rd period - Deflect By Ryan O'Reilly.
12:55 of 3rd period - Shot Misses the Net.
12:57 of 3rd period - Shot by Jaden Schwartz.
12:57 of 3rd period - Stopped by Daniil Tarasov without a rebound.
12:58 of 3rd period - Kevin Hayes wins face-off versus Seth Jarvis in TEXAS TOROS zone.
13:16 of 3rd period - Shot by Kyle Connor.
13:16 of 3rd period - Goal by Kyle Connor - TEXAS TOROS : 3 - LONG BEACH BARACUDAS : 5.
13:17 of 3rd period - Peyton Krebs wins face-off versus Ryan Poehling in neutral zone.
13:19 of 3rd period - Off-side.
13:20 of 3rd period - Jonathan Toews wins face-off versus Peyton Krebs in neutral zone.
14:00 of 3rd period - Minor Penalty to Mikhail Sergachev for Hooking.
14:01 of 3rd period - Ryan Poehling wins face-off versus Ryan O'Reilly in TEXAS TOROS zone.
14:24 of 3rd period - Shot by Mark Stone.
14:24 of 3rd period - Stopped by Daniil Tarasov without a rebound.
14:25 of 3rd period - Ryan Poehling wins face-off versus William Karlsson in TEXAS TOROS zone.
14:46 of 3rd period - Shot by William Karlsson.
14:46 of 3rd period - Stopped by Daniil Tarasov without a rebound.
14:47 of 3rd period - Ryan O'Reilly wins face-off versus Troy Terry in TEXAS TOROS zone.
16:42 of 3rd period - Owen Power is hit by Nicholas Robertson and loses puck.
18:13 of 3rd period - Shot by Andreas Athanasiou.
18:13 of 3rd period - Shot Misses the Net.
18:15 of 3rd period - Shot by Andreas Athanasiou.
18:15 of 3rd period - Shot Misses the Net.
18:17 of 3rd period - Shot by Ryan O'Reilly.
18:17 of 3rd period - Stopped by Daniil Tarasov with a rebound.
18:19 of 3rd period - Shot by Ryan O'Reilly.
18:19 of 3rd period - Stopped by Daniil Tarasov without a rebound.
18:20 of 3rd period - Peyton Krebs wins face-off versus Ryan Poehling in TEXAS TOROS zone.
18:23 of 3rd period - Shot by Peyton Krebs.
18:23 of 3rd period - Stopped by Daniil Tarasov without a rebound.
18:24 of 3rd period - William Karlsson wins face-off versus Ryan Poehling in TEXAS TOROS zone.
18:45 of 3rd period - Shot by Mikhail Sergachev.
18:45 of 3rd period - Shot Misses the Net.
19:15 of 3rd period - Shot by Jonathan Toews.
19:15 of 3rd period - Stopped by Ukko-Pekka Luukkonen with a rebound.
19:17 of 3rd period - Shot by Jonathan Toews.
19:17 of 3rd period - Shot Blocked by Matt Irwin.
19:23 of 3rd period - Shot by Jonathan Toews.
19:23 of 3rd period - Stopped by Ukko-Pekka Luukkonen without a rebound.
19:24 of 3rd period - Seth Jarvis wins face-off versus Kevin Hayes in LONG BEACH BARACUDAS zone.
19:24 of 3rd period - Seth Jarvis is hit by Miles Wood.
Goals for this period are 0 for TEXAS TOROS vs 1 for LONG BEACH BARACUDAS.
Shots for this period are 8 for TEXAS TOROS vs 10 for LONG BEACH BARACUDAS.


BLAKE
WHEELER
STEVEN
STAMKOS
DREW
DOUGHTY

EAST COAST

HOCKEY LEAGUE

  • 63.RHI2PIT5
  • 64.WOR4ATL3
  • 65.QUECHW
  • 66.CHATRV